 Dungeon Crawl Stone Soup version 0.21.1-1-g345015fe64 (webtiles) character file.

206 Knicklaso the Grave Robber (level 5, -2/38 HPs)
             Began as a Hill Orc Necromancer on Apr 18, 2018.
             Was a Follower of Yredelemnul.
             Slain by a phantom (7 damage)
             ... on level 3 of the Dungeon.
             The game lasted 00:11:30 (2550 turns).

Knicklaso the Grave Robber (Hill Orc Necromancer)   Turns: 2550, Time: 00:11:30

Health: -2/38      AC:  3    Str: 11    XL:     5   Next: 84%
Magic:  9/9        EV: 12    Int: 16    God:    Yredelemnul [*.....]
Gold:   52         SH:  0    Dex: 11    Spells: 7/9 levels left

rFire    . . .     SeeInvis .   a - +0 mace
rCold    . . .     Gourm    .   (no shield)
rNeg     . . .     Faith    .   d - +0 robe
rPois    .         Spirit   .   g - +0 helmet
rElec    .         Reflect  .   f - scarf {repulsion}
rCorr    .         Harm     .   (no gloves)
MR       .....                  (no boots)
Stlth    ++........             (no amulet)
HPRegen  0.12/turn              (no ring)
MPRegen  0.11/turn              (no ring)

@: repel missiles
A: no striking features
a: Animate Remains, Renounce Religion


You were on level 3 of the Dungeon.
You worshipped Yredelemnul.
Yredelemnul was aware of your devotion.
You were not hungry.

You visited 1 branch of the dungeon, and saw 3 of its levels.

You collected 52 gold pieces.

Inventory:

Hand Weapons
 a - a +0 mace (weapon)
 b - a +0 blowgun
 p - a +1 short sword of electrocution
Missiles
 m - 13 poisoned needles
Armour
 d - a +0 robe (worn)
 f - a scarf of repulsion (worn)
 g - a +0 helmet (worn)
 l - a +0 shield
Scrolls
 j - a scroll of identify
 o - a scroll of enchant armour {unknown}
Potions
 e - a potion of lignification {unknown}
 i - a potion of haste
 k - 2 potions of heal wounds
Books
 n - a book of Necromancy

   Spells                             Type                      Level
   a - Pain                           Necromancy                   1
   b - Animate Skeleton               Necromancy                   1
   c - Vampiric Draining              Necromancy                   3
   d - Regeneration                   Charms/Necromancy            3
   e - Animate Dead                   Necromancy                   4
   f - Borgnjor's Vile Clutch         Necromancy/Earth             5
Comestibles
 c - 7 rations
 h - 2 chunks of flesh


   Skills:
 - Level 1.5 Dodging
 - Level 1.5 Stealth
 + Level 2.8 Spellcasting
 * Level 6.1 Necromancy


You had 7 spell levels left.
You knew the following spells:

 Your Spells              Type           Power        Failure   Level  Hunger
a - Pain                  Necr           ###.         1%          1    #......
b - Animate Skeleton      Necr           N/A          1%          1    #......


Dungeon Overview and Level Annotations

Branches:
Dungeon (3/15)

Altars:
Yredelemnul


Message History

Press: ? - help, Shift-Dir - straight line, f - phantom
Aim: a phantom You shoot a poisoned needle.
The poisoned needle hits the phantom.
The phantom blinks!
a - a +0 mace (weapon)
Casting: Pain
Confirm with . or Enter, or press ? or * to list all spells.
You can't see any susceptible monsters within range! (Use Z to cast anyway.) Unknown command.
The phantom hits you!
You miss the phantom. The phantom hits you. x2
You closely miss the phantom. The phantom hits you.
You closely miss the phantom. The phantom hits you.
You barely miss the phantom. The phantom hits you!
* * * LOW HITPOINT WARNING * * *
The phantom hits you.
* * * LOW HITPOINT WARNING * * *
You closely miss the phantom. The phantom hits you!
You die...
Your body rises from the dead as a mindless zombie.

.## ... ..
#.#.###########
#.(.W@.##....<#
###...........#
#.##.##.....#
... #.##.....#
### ..##.....#
#####..####
.#####..#
........#
.######(#


You could see a phantom.

Vanquished Creatures
  An orc priest (D:3)
  Terence (D:2)
  An orc wizard (D:3)
  3 gnolls (D:3)
  2 adders (D:2)
  4 leopard geckos
  6 orcs
  9 giant cockroaches
  3 goblins (D:1)
  10 hobgoblins
  A quokka (D:2)
  A ball python (D:1)
  7 bats
  2 frilled lizards
  8 kobolds
  4 rats
63 creatures vanquished.

Vanquished Creatures (collateral kills)
  A giant cockroach (D:1)
  A bat (D:1)
  A frilled lizard (D:1)
  4 kobolds
  A rat (D:3)
8 creatures vanquished.

Grand Total: 71 creatures vanquished

Notes
Turn   | Place    | Note
-------+----------+-------------------------------------------
     0 | D:1      | Knicklaso the Hill Orc Necromancer began the quest for the Orb.
     0 | D:1      | Reached XP level 1. HP: 14/14 MP: 3/3
    25 | D:1      | Learned a level 1 spell: Animate Skeleton
   193 | D:1      | Reached XP level 2. HP: 18/20 MP: 1/4
   712 | D:2      | Reached XP level 3. HP: 22/26 MP: 3/6
  1166 | D:2      | Found a basalt altar of Yredelemnul.
  1176 | D:2      | Became a worshipper of Yredelemnul the Dark
  1222 | D:2      | Reached skill level 5 in Necromancy
  1357 | D:2      | Reached XP level 4. HP: 30/33 MP: 2/7
  1462 | D:2      | Noticed Terence
  1475 | D:2      | Killed Terence
  1843 | D:2      | Reached XP level 5. HP: 30/38 MP: 0/8
  2165 | D:3      | Reached * piety under Yredelemnul
  2236 | D:3      | Found a glowing drain.
  2376 | D:3      | Reached skill level 6 in Necromancy
  2540 | D:3      | Noticed a phantom
  2550 | D:3      | Slain by a phantom

Skill      XL: |  1  2  3  4  5 |
---------------+----------------+-----
Spellcasting   | 2 |  2.8
Necromancy     | 5 6 |  6.1
Dodging        | |  1.5
Stealth        | |  1.5

Action                   |  1- 3 |  4- 6 || total
-------------------------+-------+-------++-------
Melee: Mace              |    21 |    27 ||    48
 Fire: Blowgun           |       |    10 ||    10
 Cast: Pain              |    58 |    60 ||   118
       Animate Skeleton  |    13 |     8 ||    21
  Use: Scroll            |       |     2 ||     2
  Eat: Chunk             |     3 |     5 ||     8
Armor: Robe              |    16 |     6 ||    22
Dodge: Dodged            |    43 |    27 ||    70
       Deflected         |     3 |     1 ||     4
